 Dungeon Crawl Stone Soup version 0.29-a0-352-g0917bc69df (webtiles) character file.

Game seed: 3456471370890411563

188818 Majang the Fencer (level 18, -4/122 HPs)
             Began as a Tengu Berserker on Apr 24, 2022.
             Was a High Priest of Trog.
             Slain by an entropy weaver (14 damage)
             ... on level 1 of the Spider Nest.
             The game lasted 02:12:04 (28670 turns).

Majang the Fencer (Tengu Berserker)                Turns: 28670, Time: 02:12:06

Health: -4/122     AC:  3    Str: 18 (19) XL:     18   Next: 11%
Magic:  19/19      EV: 21    Int:  9      God:    Trog [*****.]
Gold:   1165       SH: 11    Dex: 23      Spells: 17/17 levels left

rFire   + . .      SeeInvis .   a - +5 double sword (flame)
rCold   + . .      Faith    .   Q - +3 warlock's mirror {reflect}
rNeg    . . .      Spirit   .   o - +3 scale mail "Raka" {Regen+ Dex+4}
rPois   +          Reflect  +   (helmet restricted)
rElec   .          Harm     .   J - +2 cloak {rPois}
rCorr   .          Rampage  .   N - +2 pair of gloves
Will    +++..                   (boots unavailable)
Stlth   +.........              R - amulet of the acrobat
HPRegen 1.10/turn               y - ring of protection from cold
MPRegen 0.16/turn               p - ring of Uthaahop {rF+ Will++}

@: spiked, corroded, on berserk cooldown, flying quickly and evasively, slowed,
very slow
A: beak, talons 3, nimble flight
}: 1/15 runes: decaying
a: Renounce Religion, Berserk, Trog's Hand, Brothers in Arms


You were on level 1 of the Spider Nest.
You worshipped Trog.
Trog was extremely pleased with you.
You visited 6 branches of the dungeon, and saw 26 of its levels.
You also visited: Ice Cave and Volcano.

You collected 3149 gold pieces.
You spent 1984 gold pieces at shops.

Inventory:

Hand Weapons
 a - a +5 double sword of flaming (weapon)
 b - the +10 hand crossbow "Jeuffo Owne" {vorpal, Will- Int+5 Dex+4}
   (You bought it in a shop on level 2 of the Orcish Mines)

   Any ammunition fired from it inflicts extra damage upon your enemies.
   Int:       It affects your intelligence (+5).
   Dex:       It affects your dexterity (+4).
   Will:      It decreases your willpower.
 H - a +5 long sword
Missiles
 G - 2 throwing nets
Armour
 f - a +3 buckler
 o - the +3 scale mail "Raka" (worn) {Regen+ Dex+4}
   (You bought it in a shop on level 11 of the Dungeon)

   Dex:       It affects your dexterity (+4).
   Regen:     It increases your rate of health regeneration.
 J - a +2 cloak of poison resistance (worn)
 N - a +2 pair of gloves (worn)
 Q - the +3 warlock's mirror (worn) {reflect}
   (You acquired it on level 3 of the Swamp)

   It can block and reflect piercing ranged attacks and magical attacks against
   the wielder's willpower.
Jewellery
 p - the ring of Uthaahop (right hand) {rF+ Will++}
   (You acquired it on level 9 of the Dungeon)

   [ring of protection from fire]

   rF:        It protects you from fire.
   Will:      It greatly increases your willpower.
 v - a ring of ice
 y - a ring of protection from cold (left hand)
 D - a ring of resist corrosion
 R - an amulet of the acrobat (around neck)
Wands
 d - a wand of paralysis (24)
 q - a wand of charming (2)
 B - a wand of digging (11)
 E - a wand of iceblast (14)
 K - a wand of flame (52)
 P - a wand of mindburst (20)
 S - a wand of acid (11)
Scrolls
 g - 5 scrolls of silence
 h - a scroll of identify
 i - a scroll of summoning
 l - 2 scrolls of immolation
 m - a scroll of blinking
 r - 9 scrolls of teleportation
 u - 6 scrolls of enchant armour
 x - a scroll of fear
 A - 5 scrolls of fog
 M - 2 scrolls of magic mapping
 O - 2 scrolls of holy word
Potions
 c - 7 potions of curing
 e - 7 potions of heal wounds
 j - a potion of ambrosia
 n - 6 potions of lignification
 s - 8 potions of might
 t - 2 potions of mutation
 w - 3 potions of attraction
 z - 7 potions of invisibility
 C - 3 potions of cancellation
 F - 2 potions of resistance
 L - 6 potions of haste


   Skills:
 * Level 16.4 Fighting
 * Level 16.9 Long Blades
 * Level 14.9 Crossbows
 + Level 11.7 Armour
 + Level 11.6 Dodging
 + Level 10.4 Shields


You had 17 spell levels left.
You didn't know any spells.
Your spell library was empty.

Dungeon Overview and Level Annotations

Branches:
Dungeon (12/15)            Temple (1/1) D:4            Lair (6/6) D:9
  Swamp (4/4) Lair:2       Spider (1/4) Lair:4        Slime (0/5) Lair:5
    Orc (2/2) D:11            Elf (0/3) Orc:2         IceCv (visited)
Volcano (visited)

Altars:
Ashenzari
Cheibriados
Dithmenos
Elyvilon
Fedhas
Gozag
Hepliaklqana
Kikubaaqudgha
Makhleb
Nemelex Xobeh
Okawaru
Qazlal
Ru
Sif Muna
Trog
Uskayaw
Vehumet
Wu Jian
Xom
Yredelemnul
Zin
The Shining One
Beogh
Jiyva

Shops:
D:4 *   D:11 [   D:12 (   Orc:1 (   Orc:2 =?:(


Innate Abilities, Weirdness & Mutations

You have a beak for a mouth.
You have claws for feet.
Your magical nature lets you fly swiftly and evasively.


Message History

The entropy weaver closely misses you. You block the entropy weaver's attack.
The steelbarb worm completely misses you.
You slash the entropy weaver! You burn the entropy weaver.
Your kick misses the entropy weaver.
The entropy weaver is almost dead.
The entropy weaver hits you. x2; The entropy weaver barely misses you.
The entropy weaver hits you.
You hit the entropy weaver. You burn the entropy weaver.
Your kick misses the entropy weaver.
You peck the entropy weaver, but do no damage.
The entropy weaver is almost dead.
You block the steelbarb worm's attack.
You miss the entropy weaver.
The entropy weaver is almost dead.
The entropy weaver hits you!
* * * LOW HITPOINT WARNING * * *
The entropy weaver hits you.
* * * LOW HITPOINT WARNING * * *
The entropy weaver closely misses you.
The entropy weaver hits you but does no damage.
The steelbarb worm completely misses you.
You completely miss the entropy weaver.
You claw the entropy weaver, but do no damage.
The entropy weaver is almost dead.
You are no longer berserk.
You are exhausted.
You feel yourself slow down. You block the wolf spider's attack. x2
Your iron troll goes berserk!
The wolf spider closely misses you. The wolf spider bites you!
* * * LOW HITPOINT WARNING * * *
The entropy weaver misses you.
The entropy weaver hits you but does no damage.
The entropy weaver completely misses you. x2
You block the steelbarb worm's attack. The wolf spider barely misses you.
You block the wolf spider's attack. The entropy weaver closely misses you.
The entropy weaver completely misses you.
The entropy weaver hits you!
* * * LOW HITPOINT WARNING * * *
The entropy weaver hits you!
You die...

...........^..............
........................
.......................
#............:........
#.............#......
#.......^...........
##..................
#wBs.......########
##@........## #
#.†........## ####
##T.......†.##
##..###.†..........##
##...#..†#...........#
#........#.......>..^#
####........##..........#
####...........##.....)....#
#.............(##..........#


You could see an entropy weaver, a steelbarb worm, a wolf spider (ally target)
and a friendly iron troll (summoned, berserk).

Vanquished Creatures
  Jorgrun (Swamp:3)
  Mlioglotl (Swamp:2)
  Frances (Swamp:2)
  A thorn hunter (Swamp:4)
  A fenstrider witch (Swamp:4)
  A ghost moth (Spider:1)
  7 bunyips
  An entropy weaver (Spider:1)
  Azrael (D:12)
  5 eleionomae
  A fire dragon (Lair:6)
  A shambling mangrove (Swamp:4)
  Josephine (Lair:6)
  3 boulder beetles
  2 ice dragons
  Erolcha (D:12)
  2 ghost crabs
  Harold (Lair:2)
  26 hydras
  A radroach (Spider:1)
  An ogre mage (Orc:2)
  8 alligators
  10 death yaks
  8 two-headed ogres
  Urug (Orc:1)
  9 spriggans
  Nergalle (D:11)
  2 spriggan druids
  3 goliath frogs
  11 swamp dragons
  7 bog bodies
  A wizard (D:12)
  A lindwurm (Lair:6)
  An oklob plant (Lair:6)
  2 wolf spiders (Spider:1)
  9 orc sorcerers (Orc:2)
  3 salamanders (Volcano)
  An elephant (Lair:1)
  A manticore (D:11)
  4 ugly things
  A will-o-the-wisp (Swamp:4)
  2 cyclopes
  6 black mambas
  2 centaur zombies (D:12)
  A molten gargoyle (D:11)
  10 torpor snails
  2 ice statues (IceCv)
  12 cane toads
  6 kobold demonologists
  15 komodo dragons
  A demonic crawler (Spider:1)
  Psyche (D:10)
  3 rime drakes (Lair:6)
  An entropy weaver simulacrum (IceCv)
  2 unseen horrors
  6 trolls
  5 polar bears
  2 bloated husks (Swamp:2)
  Grinder (D:4)
  3 tarantellas (Spider:1)
  11 tyrant leeches
  26 hornets
  17 blink frogs
  4 dream sheep (Lair:4)
  5 jumping spiders (Spider:1)
  4 wraiths (Lair:6)
  4 wyverns
  68 yaks
  A fire bat (Volcano)
  4 fire elementals
  5 basilisks
  3 steam dragons
  2 vampire mosquitoes (D:11)
  18 redbacks (Spider:1)
  17 swamp worms
  11 water moccasins
  3 acid dragons
  9 hell hounds
  10 orc warriors
  8 swamp drakes
  2 ice beasts
  3 black bears
  4 ogres (Orc:2)
  24 wolves
  5 centaurs
  11 bullfrogs
  2 kobold brigands
  A necrophage (D:6)
  3 gnoll sergeants
  A scorpion (D:6)
  7 wights
  16 killer bees
  An elephant simulacrum (IceCv)
  5 electric eels
  6 howler monkeys
  4 lava snakes (D:11)
  A gnoll shaman (D:8)
  4 hounds
  Crazy Yiuf (D:7)
  6 orc priests
  3 jellies
  10 iguanas
  28 orc wizards
  A polar bear simulacrum (IceCv)
  9 hell rats
  A wolf simulacrum (IceCv)
  Robin (D:3)
  5 adders
  24 gnolls
  7 river rats (Lair:1)
  A white imp (D:7)
  An ufetubus (Temple)
  2 worms (D:3)
  48 orcs
  5 bats
  6 endoplasms
  A giant cockroach (D:2)
  21 goblins
  6 hobgoblins
  2 jackals (D:4)
  14 kobolds
  4 quokkas
  5 ball pythons
  7 frilled lizards
  9 rats
  A bush (D:11)
784 creatures vanquished.

Vanquished Creatures (others)
  A hornet (Swamp:2)
  A bloated husk (Swamp:1)
  A tyrant leech (Lair:2)
  A spriggan (Swamp:2)
  2 orc wizards (Orc:2)
  8 foxfires (Swamp:4)
  16 fungi
  52 plants
82 creatures vanquished.

Grand Total: 866 creatures vanquished

Notes
Turn   | Place    | Note
-------+----------+-------------------------------------------
     0 | D:1      | Majang the Tengu Berserker began the quest for the Orb.
     0 | D:1      | Reached XP level 1. HP: 14/14 MP: 2/2
   131 | D:1      | Reached XP level 2. HP: 19/19 MP: 3/3
   744 | D:2      | Reached XP level 3. HP: 23/23 MP: 4/4
   795 | D:2      | Reached ** piety under Trog
  1553 | D:3      | Reached XP level 4. HP: 29/29 MP: 5/5
  1560 | D:3      | Gained mutation: Your magical nature lets you fly swiftly
                  | and evasively. [Tengu growth]
  1560 | D:3      | Reached XP level 5. HP: 34/34 MP: 6/6
  1727 | D:3      | Reached skill level 5 in Long Blades
  2209 | D:4      | Found a staircase to the Ecumenical Temple.
  2214 | D:4      | Noticed Grinder
  2222 | D:4      | Reached skill level 5 in Fighting
  2222 | D:4      | Reached XP level 6. HP: 4/40 MP: 7/7
  2504 | D:4      | Killed Grinder
  2505 | D:4      | Reached XP level 7. HP: 45/45 MP: 8/8
  3288 | D:4      | Found Kigaby's Elemental Accessories.
  3288 | D:4      | Noticed Robin
  3301 | Temple   | Entered the Ecumenical Temple
  3512 | D:3      | Killed Robin
  3544 | D:4      | Reached *** piety under Trog
  3979 | D:5      | Entered Level 5 of the Dungeon
  4001 | D:5      | Reached skill level 1 in Shields
  4272 | D:5      | Reached XP level 8. HP: 42/52 MP: 9/9
  4525 | D:5      | Noticed a yak
  4525 | D:5      | Noticed a yak
  4525 | D:5      | Noticed a yak
  4525 | D:5      | Noticed a yak
  4535 | D:5      | Killed a yak
  4537 | D:5      | Noticed a yak
  4538 | D:5      | Killed a yak
  4637 | D:5      | Noticed a yak
  4643 | D:5      | Killed a yak
  4646 | D:5      | Killed a yak
  4651 | D:5      | Killed a yak
  4654 | D:5      | Killed a yak
  4655 | D:5      | Reached XP level 9. HP: 57/57 MP: 10/10
  4939 | D:5      | Found a glowing silver altar of Zin.
  5280 | D:6      | Found a white marble altar of Elyvilon.
  5466 | D:6      | Found a blossoming altar of Fedhas.
  5467 | D:6      | Found a hazy altar of Hepliaklqana.
  5468 | D:6      | Found a bloodstained altar of Trog.
  5468 | D:6      | Found a radiant altar of Vehumet.
  5857 | D:6      | Found a basalt altar of Yredelemnul.
  6460 | D:7      | Reached skill level 1 in Crossbows
  6627 | D:7      | Found a runed translucent door.
  6628 | D:7      | Noticed Crazy Yiuf
  6634 | D:7      | Killed Crazy Yiuf
  6772 | D:7      | Found an ancient bone altar of Kikubaaqudgha.
  6813 | D:7      | Noticed a two-headed ogre
  6819 | D:7      | Killed a two-headed ogre
  6820 | D:7      | Reached skill level 5 in Armour
  6820 | D:7      | Reached skill level 5 in Dodging
  7004 | D:7      | Reached XP level 10. HP: 48/65 MP: 11/11
  8672 | D:8      | Noticed a two-headed ogre
  8682 | D:8      | Killed a two-headed ogre
  8794 | D:9      | Identified a scroll of acquirement
  8794 | D:9      | Acquired the ring of Uthaahop {rF+ Will++}
  8820 | D:9      | Noticed a death yak
  8820 | D:9      | Noticed a death yak
  8820 | D:9      | Noticed a death yak
  8822 | D:9      | Noticed a death yak
  8834 | D:8      | Killed a death yak
  8835 | D:8      | Reached skill level 10 in Long Blades
  8905 | D:9      | Noticed a death yak
  8907 | D:9      | Found a staircase to the Lair.
  8914 | D:9      | Killed a death yak
  8915 | D:9      | Reached skill level 5 in Crossbows
  9324 | D:8      | Reached **** piety under Trog
  9427 | D:8      | Killed a death yak
  9428 | D:8      | Reached skill level 5 in Shields
  9428 | D:8      | Reached XP level 11. HP: 37/71 MP: 12/12
  9888 | D:9      | Killed a death yak
  9892 | D:9      | Killed a death yak
 10336 | D:9      | Reached skill level 10 in Fighting
 10712 | Lair:1   | Entered Level 1 of the Lair of Beasts
 10712 | Lair:1   | Noticed a four-headed hydra
 10729 | D:10     | Entered Level 10 of the Dungeon
 11123 | D:10     | You are sucked into a shaft and drop 1 floor!
 11177 | D:11     | Noticed a two-headed ogre
 11178 | D:11     | Found a staircase to the Orcish Mines.
 11183 | D:11     | Killed a two-headed ogre
 11239 | D:11     | Noticed a cyclops
 11243 | D:11     | Killed a cyclops
 11284 | D:11     | Noticed a manticore
 11295 | D:11     | Killed a manticore
 11325 | D:11     | Reached XP level 12. HP: 75/78 MP: 13/13
 11505 | D:11     | Found Leoz's Antique Armour Shop.
 11723 | D:11     | Bought a faintly glowing scale mail for 171 gold pieces
 11723 | D:11     | Identified the +3 scale mail "Raka" {Regen+ Dex+4} (You
                  | bought it in a shop on level 11 of the Dungeon)
 11723 | D:11     | Bought a shimmering chain mail for 180 gold pieces
 11723 | D:11     | Identified the +1 chain mail of Uziopaod {rPois rC+ Regen+}
                  | (You bought it in a shop on level 11 of the Dungeon)
 11758 | D:11     | Noticed a sun demon
 11825 | D:11     | Reached ***** piety under Trog
 11973 | D:10     | Noticed Psyche
 11982 | D:10     | Killed Psyche
 12342 | D:10     | Noticed a two-headed ogre
 12351 | D:10     | Killed a two-headed ogre
 12988 | Orc:1    | Entered Level 1 of the Orcish Mines
 13077 | Orc:1    | Noticed Urug
 13115 | Orc:1    | Killed Urug
 13304 | Orc:1    | Found Niczyova's Weapon Emporium.
 13478 | Orc:2    | Entered Level 2 of the Orcish Mines
 13561 | Orc:2    | Found a staircase to the Elven Halls.
 13897 | Orc:1    | Noticed a two-headed ogre
 13907 | Orc:1    | Killed a two-headed ogre
 14259 | Orc:2    | Received a gift from Trog
 14291 | Orc:2    | Noticed a sun demon
 14343 | Orc:2    | Noticed a sun demon
 14509 | Orc:2    | Found Vasaa's Jewellery Shop.
 14546 | Orc:2    | Found Dabiek's Magic Scroll Boutique.
 14572 | Orc:2    | Found an ancient bone altar of Kikubaaqudgha.
 14608 | Orc:2    | Reached XP level 13. HP: 84/84 MP: 14/14
 14697 | Orc:2    | Found Mielum's Book Boutique.
 14719 | Orc:2    | Found a radiant altar of Vehumet.
 14963 | Orc:2    | Found Duwoops's Antique Weapon Shop.
 14971 | Orc:2    | Bought a steaming hand crossbow for 263 gold pieces
 14971 | Orc:2    | Identified the +10 hand crossbow "Jeuffo Owne" {vorpal,
                  | Will- Int+5 Dex+4} (You bought it in a shop on level 2 of
                  | the Orcish Mines)
 15015 | Orc:2    | Bought a scroll of enchant armour for 82 gold pieces
 15015 | Orc:2    | Bought a scroll of enchant armour for 82 gold pieces
 15015 | Orc:2    | Bought a scroll of teleportation for 33 gold pieces
 15015 | Orc:2    | Bought a scroll of teleportation for 33 gold pieces
 15015 | Orc:2    | Bought a scroll of silence for 82 gold pieces
 15015 | Orc:2    | Bought a scroll of fear for 38 gold pieces
 15035 | Orc:2    | Bought an amulet of reflection for 510 gold pieces
 15838 | Lair:1   | Reached skill level 10 in Crossbows
 16779 | Lair:2   | Noticed Harold
 16791 | Lair:2   | Killed Harold
 16878 | Lair:2   | Found a dark tunnel.
 16891 | Volcano  | Entered a volcano
 17412 | Lair:2   | Received a gift from Trog
 17463 | Lair:2   | Found a snail-covered altar of Cheibriados.
 17837 | Lair:2   | Reached XP level 14. HP: 81/92 MP: 15/15
 17859 | Lair:2   | Found a staircase to the Swamp.
 18327 | Lair:3   | Found the +6 lightning scales {swift, rElec}
 18716 | Lair:3   | Identified the +4 great sword of Trog {flame, rF+} (Trog
                  | gifted it to you on level 3 of the Lair of Beasts)
 18716 | Lair:3   | Received a gift from Trog
 19040 | Lair:4   | Identified the +2 ring mail of the Known World {Harm rCorr}
 19194 | Lair:4   | Found a frozen archway.
 19282 | IceCv    | Entered an ice cave
 19325 | IceCv    | Found a transporter.
 19334 | IceCv    | Found a transporter.
 19504 | Lair:4   | Found a hole to the Spider Nest.
 20383 | Lair:5   | Received a gift from Trog
 20509 | Lair:5   | Found a viscous altar of Jiyva.
 20510 | Lair:5   | Found a staircase to the Slime Pits.
 21003 | Lair:6   | Entered Level 6 of the Lair of Beasts
 21006 | Lair:6   | Noticed Josephine
 21025 | Lair:6   | Reached skill level 10 in Armour
 21043 | Lair:6   | Killed Josephine
 21044 | Lair:6   | Reached XP level 15. HP: 95/99 MP: 16/16
 21161 | Lair:6   | Reached skill level 10 in Dodging
 21440 | Lair:6   | Found a snail-covered altar of Cheibriados.
 21605 | Lair:6   | Reached ****** piety under Trog
 21837 | Lair:6   | Reached skill level 15 in Long Blades
 21890 | Lair:6   | Received a gift from Trog
 22057 | Lair:6   | Found a runed translucent door.
 22473 | Lair:6   | Identified the +1 robe of Dogmatism {Rampage}
 22846 | D:12     | Noticed Nergalle
 22864 | D:11     | Killed Nergalle
 22951 | D:12     | Noticed Erolcha
 23002 | D:12     | Killed Erolcha
 23153 | D:12     | Found Vioradustru's Antique Weapon Emporium.
 23197 | D:12     | Noticed Azrael
 23246 | D:12     | Killed Azrael
 23278 | D:12     | Found a basalt altar of Yredelemnul.
 23697 | Lair:1   | Reached skill level 15 in Fighting
 23697 | Lair:1   | Reached XP level 16. HP: 108/108 MP: 17/17
 23812 | Swamp:1  | Entered Level 1 of the Swamp
 24601 | Swamp:2  | Reached XP level 17. HP: 113/113 MP: 18/18
 24776 | Swamp:2  | Noticed Frances
 24791 | Swamp:2  | Killed Frances
 24941 | Swamp:2  | Received a gift from Trog
 25050 | Swamp:2  | Noticed Mlioglotl
 25065 | Swamp:2  | Killed Mlioglotl
 25500 | Swamp:3  | Acquired the +3 warlock's mirror {reflect}
 25500 | Swamp:3  | Found the +3 warlock's mirror {reflect}
 25822 | Orc:2    | Bought an amulet of the acrobat for 510 gold pieces
 26302 | Swamp:3  | Noticed Jorgrun
 26325 | Swamp:3  | Killed Jorgrun
 26903 | Swamp:4  | Entered Level 4 of the Swamp
 26974 | Swamp:4  | Reached skill level 10 in Shields
 27824 | Swamp:4  | Got a decaying rune of Zot
 28110 | Spider:1 | Entered Level 1 of the Spider Nest
 28302 | Spider:1 | Reached XP level 18. HP: 121/121 MP: 19/19
 28670 | Spider:1 | Slain by an entropy weaver

Illustrated notes

Levels and vault maps discovered:
D:1:      dpeg_arrival_erosion, layout_basic
D:2:      layout_loops_ring
D:3:      layout_basic, minmay_joined_circles
D:4:      layout_loops_ring, minmay_temple_entry_tees, kennysheep_nub,
          nicolae_elemental_shop, uniq_grinder, uniq_robin
D:5:      layout_loops_corners, zin_scriptorium
D:6:      layout_basic, kennysheep_ying_yang,
          chequers_temple_overflow_statue_of_worship
D:7:      layout_basic, kiku_gazebo_garden_becter, uniq_crazy_yiuf_cottage
D:8:      layout_basic
D:9:      layout_rooms, dpeg_lair_monsters
D:10:     layout_irregular_city, enter_bailey_5, nicolae_zen_rock_garden,
          uniq_psyche
D:11:     erik_rubicon_a, layout_gridville, orc_0_dummy, serial_shops, shop,
          kb_lookout_dungeons_type
D:12:     layout_cave_pools, serial_shops, shop, minivault_10,
          lemuel_zombie_altar_yredelemnul, uniq_azrael, uniq_erolcha,
          uniq_nergalle
Temple:   eino_temple_lava
Lair:1:   layout_cave_pods, serial_bayou, serial_bayou_pond_c,
          serial_bayou_pond_c, serial_bayou_ford_a, serial_bayou_pond_a,
          kennysheep_abandoned_house, serial_bayou_shore_b
Lair:2:   layout_loops_ring, palyth_hydra_swamp_entry, enter_volcano_3,
          kennysheep_snail_temple, uniq_harold
Lair:3:   beast_lair_carwin_large_3, layout_gridlike, dreamdust_wasp_nest,
          infiniplex_staircase_pool_2
Lair:4:   layout_loops_ring, dummy_spider_entry,
          portal_ice_cave_entry_animals_and_master, grunt_megastairs_3,
          serial_bayou_shore_a
Lair:5:   layout_long_grid, slime_altar_1, lemuel_fruit_fields
Lair:6:   wormcave, layout_cave_pods, guppyfry_lair_end_dragon, basic_altar,
          grunt_megastairs_5, lemuel_fruit_tree, uniq_josephine
Swamp:1:  layout_falls_marsh, hangedman_swamp_diagram
Swamp:2:  layout_basic_swamp, evilmike_swamp_ruin_house_6, uniq_frances,
          uniq_mlioglotl
Swamp:3:  layout_basic_swamp, infiniplex_staircase_pool, swamp_pool1,
          uniq_jorgrun
Swamp:4:  swamp, layout_basic_swamp
Spider:1: layout_cave_pods, guppyfry_spider_mini_3, uniq_agnes
Orc:1:    layout_caves, serial_shops, nicolae_shop_bloodbath_and_beyond,
          uniq_urug
Orc:2:    kennysheep_orc_mage_school, layout_caves, basic_altar

Skill      XL: |  1  2  3  4  5  6  7  8  9 10 11 12 13 14 15 16 17 |
---------------+----------------------------------------------------+-----
Long Blades    | 4 5 6 7 8 9 10 11 12 13 14 15 16 | 16.9
Fighting       | 4 5 6 7 8 9 10 11 12 13 15 16 | 16.4
Shields        | 1 2 4 5 6 7 8 9 10 | 10.4
Armour         | 3 4 5 6 7 8 9 10 11 | 11.7
Dodging        | 3 4 5 6 7 8 9 10 11 | 11.6
Crossbows      | 3 5 7 9 10 12 13 14 | 14.9

Action                   |  1- 3 |  4- 6 |  7- 9 | 10-12 | 13-15 | 16-18 || total
-------------------------+-------+-------+-------+-------+-------+-------++-------
Melee: Falchion          |    72 |    60 |   143 |       |     4 |       ||   279
       Kick              |    16 |    15 |    83 |   220 |   432 |   204 ||   970
       Peck              |    10 |     7 |    41 |   126 |   277 |   111 ||   572
       Long sword        |       |       |    64 |   591 |   277 |       ||   932
       Double sword      |       |       |       |       |   716 |   445 ||  1161
 Fire: Hand crossbow     |       |       |       |    47 |   314 |   248 ||   609
Invok: Berserk           |     1 |     4 |     7 |    16 |     3 |     4 ||    35
       Brothers in Arms  |       |       |       |       |       |     1 ||     1
Evoke: Wand              |       |       |       |     3 |     7 |       ||    10
  Use: Scroll            |       |       |       |    30 |     8 |     4 ||    42
       Potion            |       |       |       |     2 |     1 |     2 ||     5
Armor: Animal skin       |     5 |       |       |       |       |       ||     5
       Scale mail        |    27 |    11 |    48 |    89 |   148 |   147 ||   470
       Plate armour      |       |       |    14 |   194 |       |       ||   208
       Chain mail        |       |       |       |       |    32 |       ||    32
Dodge: Dodged            |    28 |    14 |   105 |   352 |   408 |   331 ||  1238
Block: Buckler           |     5 |     5 |    44 |   194 |   526 |   291 ||  1065
       Reflection        |       |       |       |       |     7 |    18 ||    25

Table legend: (Time is in decaauts)
 A = Elapsed time spent in this place.
 B = Non-inter-level travel time spent in this place.
 C = Inter-level travel time spent in this place.
 D = Time resting spent in this place.
 E = Time spent auto-exploring this place.
 F = Levels seen in this place.
 G = Mean time per level.
                   A        B        C        D        E       F      G
               +--------+--------+--------+--------+--------+-----+--------+
         Total |  27006 |  24325 |   2681 |   6401 |   9457 |  28 |  964.5 |
       Dungeon |  13680 |  12777 |    903 |   4472 |   5449 |  12 | 1140.0 |
        Temple |     59 |     59 |      0 |      3 |      0 |   1 |   59.0 |
          Lair |   7227 |   6031 |   1196 |    703 |   2731 |   6 | 1204.5 |
         Swamp |   3028 |   2703 |    325 |    691 |    938 |   4 |  757.0 |
   Spider Nest |    505 |    505 |      0 |    115 |     34 |   1 |  505.0 |
  Orcish Mines |   2051 |   1797 |    254 |    375 |    304 |   2 | 1025.5 |
      Ice Cave |    152 |    152 |      0 |     30 |      0 |   1 |  152.0 |
       Volcano |    301 |    301 |      0 |     11 |      0 |   1 |  301.0 |
               +--------+--------+--------+--------+--------+-----+--------+

Top non-repeatable levels by time:
     D:8: 2161 daAuts
  Lair:1: 1714 daAuts
  Lair:2: 1603 daAuts
    D:11: 1571 daAuts
  Lair:6: 1506 daAuts
   Orc:2: 1390 daAuts
     D:4: 1226 daAuts
     D:3: 1219 daAuts
     D:9: 1217 daAuts
     D:5: 1207 daAuts
     D:7: 1115 daAuts
     D:6: 1011 daAuts
  Lair:3: 994 daAuts
    D:10: 896 daAuts
 Swamp:2: 845 daAuts
